Map: 2000 Atmospheres LE

Players

A.I. 1 (Very Easy) - Winner!

  • Race: Zerg Zerg
  • Spawn Location: 7:00

RustyShacky

  • Race: Terran Terran
  • League: Diamond
  • Spawn Location: 3:00

VOD

Have the link to the VOD?

Description

Time

  • Played on: May 22, 2022, 10:39 a.m.
  • Length: 11:20
Show
View Real Time Build Order
Export as new Build Order

A.I. 1 (Very Easy) Zerg - Winner!

Build Orders: Pool First 

Get SALT Encoding   

  6  0:01  Drone  
  13  0:12  Overlord  
  13  0:16  Drone  
  14  0:34  Spawning Pool  
  13  0:36  Drone  
  13  0:41  Extractor  
  13  0:44  Drone  
  14  0:52  Overlord  
  14  1:21  Queen, Zergling x2  
  17  1:30  Roach Warren  
  17  1:31  Extractor  
  15  1:36  Drone  
  16  1:43  Drone  
  17  1:48  Zergling x2  
  18  2:02  Drone  
  19  2:09  Drone  
  19  2:15  Zergling x2  
  21  2:19  Drone  
  22  2:28  Overlord  
  22  2:32  Drone  
  23  2:39  Drone  
  23  2:41  Roach  
  26  2:46  Drone  
  27  3:59  Zergling x2  
  27  7:10  Drone  
  27  7:11  Lair  
  28  7:16  Roach  
  28  7:17  Drone  
  28  7:24  Drone  
  27  7:32  Drone  
  24  7:45  Roach  
  24  7:47  Overlord, Drone  
  26  7:55  Hatchery, Drone  
  26  8:07  Hatchery  
  26  8:08  Queen, Drone  
  26  8:11  Overseer x2  
  28  8:14  Roach  
  28  8:17  Drone  
  30  8:26  Drone  
  30  8:34  Drone  
  30  8:58  Zergling x2  
  30  9:43  Ravager  
  31  9:56  Overseer  
Show
View Real Time Build Order
Export as new Build Order

RustyShacky Terran 

Build Orders: Mech 

Get SALT Encoding   

  6  0:00  SCV  
  13  0:12  SCV  
  14  0:16  Supply Depot  
  14  0:24  SCV  
  15  0:38  SCV  
  15  0:39  Barracks  
  16  0:43  Refinery  
  16  0:50  SCV  
  17  1:02  SCV  
  18  1:14  SCV  
  19  1:26  Marine, Orbital Command  
  20  1:41  Command Center  
  20  1:45  Marine  
  21  1:52  SCV  
  22  1:57  Supply Depot  
  22  2:04  SCV  
  23  2:08  Factory  
  23  2:16  Refinery  
  23  2:18  SCV  
  23  2:21  Barracks Reactor  
  24  2:30  SCV  
  25  2:42  SCV  
  26  2:54  SCV  
  26  2:55  Starport  
  27  3:00  Orbital Command  
  27  3:03  Hellion x2  
  31  3:07  Supply Depot, SCV  
  32  3:19  SCV  
  33  3:24  Hellion  
  33  3:25  Hellion  
  33  3:26  SCV  
  38  3:31  Supply Depot, SCV  
  39  3:37  Fusion Core  
  39  3:39  SCV  
  40  3:43  SCV  
  40  3:47  Viking  
  43  3:53  SCV  
  43  3:55  SCV  
  45  3:57  Supply Depot  
  45  4:02  Hellion  
  47  4:05  Hellion, SCV  
  47  4:07  SCV  
  51  4:17  SCV, Starport Tech Lab  
  51  4:19  SCV  
  51  4:21  Supply Depot  
  51  4:24  Hellion  
  55  4:27  Hellion  
  55  4:30  SCV  
  58  4:33  SCV  
  65  4:38  Battlecruiser  
  65  4:42  SCV  
  65  4:44  Supply Depot  
  65  4:45  SCV  
  67  4:47  Hellion  
  67  4:48  Hellion  
  71  4:54  SCV  
  71  4:57  SCV  
  73  5:03  Command Center  
  73  5:07  Refinery, SCV  
  73  5:09  Refinery  
  73  5:11  Supply Depot  
  74  5:14  SCV  
  74  5:15  Supply Depot  
  74  5:20  SCV  
  76  5:22  Hellion x2  
  80  5:43  Hellion x2, Supply Depot  
  80  5:44  Supply Depot  
  80  5:49  Battlecruiser  
  90  5:53  Factory  
  90  5:56  Factory  
  90  6:07  Supply Depot  
  90  6:09  Hellion x2  
  90  6:10  Supply Depot  
  94  6:17  Armory  
  94  6:29  SCV x2  
  94  6:30  Hellion x2  
  100  6:37  Armory, Factory Tech Lab  
  100  6:39  Armory, Factory Tech Lab  
  100  6:42  Supply Depot, Orbital Command  
  100  6:43  SCV x2  
  102  6:57  Battlecruiser  
  102  6:58  SCV  
  102  6:59  SCV  
  102  7:01  Supply Depot  
  110  7:02  Supply Depot  
  110  7:04  Siege Tank  
  110  7:08  SCV  
  114  7:10  SCV  
  114  7:11  SCV  
  116  7:17  Siege Tank  
  116  7:20  SCV  
  116  7:22  Refinery, SCV  
  120  7:23  Refinery, SCV  
  120  7:26  Engineering Bay  
  126  7:30  Hellion x2  
  126  7:36  Supply Depot  
  126  7:37  Supply Depot  
  126  7:39  Supply Depot, SCV x3  
  129  7:45  Siege Tank  
  129  7:49  Terran Vehicle Weapons Level 1, Terran Vehicle And Ship Armor Level 1  
  129  7:51  SCV x2  
  134  7:57  SCV  
  135  8:03  SCV x2  
  137  8:10  Thor  
  137  8:12  Hellion x2  
  147  8:13  Weapon Refit  
  147  8:15  Command Center  
  147  8:17  Terran Ship Weapons Level 1  
  147  8:25  Thor  
  153  8:27  SCV x3  
  153  8:31  Infernal Pre-Igniter  
  153  8:32  Refinery  
  156  8:36  Refinery  
  156  8:40  Hellion x2  
  160  8:45  Missile Turret  
  160  8:47  Sensor Tower  
  160  8:55  Factory  
  160  8:57  Factory  
  160  9:02  Thor  
  166  9:04  Hellion x2  
  170  9:11  Smart Servos  
  170  9:20  Thor  
  176  9:29  Planetary Fortress  
  176  9:32  Command Center  
  176  9:42  Factory Tech Lab x2  
  176  9:45  Thor  
  188  10:03  Hellion x2  
  198  10:13  Siege Tank  
  197  10:14  Siege Tank  
  198  10:22  Siege Tank  
  198  10:25  Hellion x2  
Tags
 
Composition
Mech
League
Diamond
Matchup
TvZ
Opening
Pool First
Spawn Locations
Cross Positions
Add a new tag
Caveats
  • Supply blocks, unpowered buildings, or Contaminate may cause inaccurate times.
  • Supply counts are checked every 10 seconds.